Map: 冰棱裂境-天梯版

Players

TIME (Oliveira) - Winner!

  • Race: Terran Terran
  • Spawn Location: 11:00

NoRegreT

  • Race: Zerg Zerg
  • Spawn Location: 5:00

Event: WCS Montreal 2018

VOD

Have the link to the VOD?

Description

Time

  • Played on: Sept. 7, 2018, 12:36 p.m.
  • Length: 6:00

All games in this series

Show
View Real Time Build Order
Export as new Build Order

TIME Terran - Winner!

Build Orders: Gas First Reaper Expand, Reaper Expand, Banshee Rush 

Get SALT Encoding   

  12  0:00  SCV  
  13  0:12  SCV  
  14  0:17  Supply Depot  
  14  0:24  SCV  
  15  0:30  Refinery  
  15  0:39  SCV  
  16  0:44  Barracks  
  16  0:51  SCV  
  17  1:03  SCV  
  18  1:15  SCV  
  19  1:32  Reaper, Orbital Command  
  20  1:44  Command Center  
  20  1:53  Factory  
  20  1:58  SCV  
  21  2:05  Refinery  
  21  2:08  Barracks Reactor  
  21  2:11  SCV  
  21  2:14  Supply Depot  
  22  2:23  SCV  
  23  2:35  SCV  
  24  2:44  Marine  
  24  2:45  Starport, Marine  
  24  2:46  Widow Mine  
  24  2:48  SCV  
  29  2:56  Orbital Command  
  29  3:00  SCV  
  29  3:02  Marine  
  29  3:04  Marine  
  32  3:08  Factory Tech Lab  
  32  3:15  SCV  
  33  3:22  Medivac  
  33  3:23  Marine  
  33  3:24  Marine  
  33  3:25  SCV  
  38  3:27  SCV  
  38  3:32  Supply Depot  
  39  3:36  Factory Tech Lab  
  39  3:38  SCV  
  39  3:39  SCV  
  41  3:41  Marine x2  
  43  3:56  Command Center  
  43  4:00  Cloaking Field  
  43  4:03  Banshee  
  43  4:06  SCV  
  43  4:07  SCV  
  50  4:18  SCV  
  50  4:22  SCV  
  50  4:23  Supply Depot  
  52  4:25  Siege Tank  
  52  4:30  SCV  
  54  4:32  Supply Depot  
  54  4:38  SCV  
  54  4:39  Refinery  
  54  4:40  Refinery  
  54  4:44  Marine x2  
  56  4:46  Banshee, SCV  
  56  4:50  SCV  
  61  4:55  Supply Depot  
  61  4:57  Siege Tank  
  61  5:02  Marine  
  61  5:04  SCV  
  61  5:05  SCV  
  62  5:09  Orbital Command  
  62  5:13  Marine  
  63  5:16  SCV  
  63  5:17  SCV  
  63  5:28  SCV  
  63  5:32  Marine  
  63  5:34  SCV  
  72  5:36  Armory  
  72  5:41  SCV  
  73  5:45  SCV  
  73  5:47  Armory  
  73  5:48  SCV  
Show
View Real Time Build Order
Export as new Build Order

NoRegreT Zerg 

Build Orders: Hatch First 

Get SALT Encoding   

  12  0:02  Drone  
  13  0:08  Drone  
  14  0:17  Overlord  
  14  0:26  Extractor, Drone  
  15  0:36  Drone x2  
  17  0:53  Hatchery  
  17  0:55  Drone  
  17  0:58  Drone  
  18  1:06  Drone  
  18  1:07  Extractor  
  18  1:18  Spawning Pool  
  17  1:21  Drone  
  18  1:31  Drone  
  19  1:38  Overlord  
  19  1:53  Drone  
  20  2:04  Drone, Queen x2  
  20  2:06  Zergling x2  
  26  2:11  Metabolic Boost  
  26  2:14  Zergling x2  
  27  2:17  Drone  
  28  2:24  Drone  
  28  2:27  Drone  
  30  2:32  Overlord  
  30  2:41  Drone  
  30  2:45  Drone  
  30  2:49  Drone  
  32  2:54  Drone  
  33  2:59  Evolution Chamber, Overlord  
  33  3:04  Drone  
  33  3:10  Drone  
  34  3:13  Hatchery  
  34  3:14  Drone  
  34  3:17  Drone x2  
  35  3:20  Drone  
  35  3:22  Drone  
  37  3:30  Zerg Ground Armor Level 1  
  37  3:31  Drone  
  37  3:34  Overlord  
  38  3:39  Zergling x4  
  38  3:40  Extractor  
  39  3:43  Drone  
  39  3:45  Drone  
  39  3:48  Baneling Nest  
  40  3:50  Drone  
  40  3:52  Drone  
  40  3:54  Drone  
  43  3:57  Drone  
  43  4:00  Drone x2  
  46  4:04  Zergling x4  
  46  4:09  Zergling x2  
  49  4:15  Zergling x2  
  49  4:16  Zergling x2  
  49  4:17  Zergling x2, Overlord  
  52  4:22  Overlord  
  51  4:34  Zergling x2  
  51  4:35  Zergling x2, Queen  
  51  4:36  Zergling x8  
  51  4:37  Zergling x2  
  56  4:41  Zergling x2  
  54  4:45  Zergling x2  
  54  4:47  Zergling x4  
  54  4:48  Zergling x6  
  54  4:49  Zergling x2  
  54  4:51  Zergling x2  
  62  4:55  Zergling x2  
  62  4:58  Zergling x4  
  64  5:04  Zergling x2  
  64  5:08  Zergling x2  
  64  5:11  Zergling x2  
  65  5:21  Overlord  
  65  5:23  Spore Crawler  
  65  5:24  Spore Crawler  
  59  5:28  Zergling x2  
  59  5:29  Zergling x4  
  59  5:30  Spore Crawler  
  59  5:32  Baneling x7  
  59  5:33  Baneling x8  
  59  5:34  Zergling x2  
  62  5:36  Zergling x2  
  62  5:37  Zergling x2  
  62  5:41  Zergling x2  
Tags
 
Add a new tag
Caveats
  • Supply blocks, unpowered buildings, or Contaminate may cause inaccurate times.
  • Supply counts are checked every 10 seconds.